[Event "Titled Tuesday Blitz March 28 Late 2023"]
[White "Itkis, Boris"]
[Black "Piesik, Piotr"]
[WhiteFideId "1209167"]
[BlackFideId "1136194"]
[WhiteElo "2216"]
[BlackElo "2311"]
[Result "1/2-1/2"]
[Round "01"]
[TimeControl "180+2"]
[Date "2023.03.28"]
[WhiteClock "0:00:11"]
[BlackClock "0:00:11"]

1. c4 g6 2. Nf3 Bg7 3. d4 d6 4. g3 Nc6 5. d5 Ne5 6. Nxe5 Bxe5 7. Bg2 Bg7 8. O-O Nf6 9. Nc3 O-O 10. e4 c6 11. Be3 Ng4 12. Bd4 Ne5 13. f4 Bg4 14. Ne2 Bxe2 15. Qxe2 Nf3+ 16. Bxf3 Bxd4+ 17. Kg2 Qb6 18. Rab1 Rfe8 19. e5 e6 20. dxc6 bxc6 21. exd6 Rad8 22. b4 c5 23. bxc5 Qxc5 24. Rb5 Qxd6 25. Rd1 Qa6 26. Qc2 Bb6 27. Rbb1 Qa3 28. Rb3 Qc5 29. Rbd3 Rxd3 30. Rxd3 Rc8 31. Be2 Qf2+ 32. Kh3 h5 33. Rf3 Qg1 34. Bd3 Kg7 35. f5 exf5 36. Bxf5 Rd8 37. Be4 Rd7 38. Bd5 Qd4 39. Qc3 f5 40. Qxd4+ Bxd4 41. Kg2 Re7 42. Rb3 Re2+ 43. Kh1 Rxa2 44. Rb7+ Kf6 45. Rd7 Kg5 46. Bf3 Rf2 47. Rxd4 Rxf3 48. Kg2 Rc3 49. h4+ Kf6 50. Rd6+ Ke5 51. Rd5+ Ke6 52. Ra5 Rxc4 53. Ra6+ Ke5 54. Rxg6 a5 55. Ra6 a4 56. Ra5+ Ke4 57. Kh3 Rb4 58. Kg2 Rb2+ 59. Kh3 Ra2 60. Ra8 a3 61. Ra4+ Ke3 62. Ra5 Ra1 63. Kg2 a2 64. Ra3+ Kd4 65. Ra4+ Kc3 66. Ra8 Kb4 67. Rb8+ Kc4 68. Ra8 Kd5 69. Ra5+ Ke4 70. Ra8 Ke3 71. Ra3+ Ke2 72. Ra8 Kd2 73. Ra7 Kc2 74. Ra8 Kb2 75. Rb8+ Kc2 76. Ra8 Kd2 77. Rd8+ Ke2 78. Ra8 Rd1 79. Rxa2+ Ke3 80. Ra3+ Ke4 81. Ra4+ Rd4 82. Rxd4+ Kxd4 83. Kf3 Ke5 84. Ke3 Ke6 85. Kf4 Kf6 86. Kf3 Ke5 87. Ke3 Ke6 88. Kf3 Ke5 1/2-1/2


[Site "https://www.chess.com"]

[Event "Titled Tuesday Blitz March 28 Late 2023"]
[White "Domingo Nunez, Alejandro"]
[Black "Zanette, Edgard Vinicius"]
[WhiteFideId "22245561"]
[BlackFideId "2109263"]
[WhiteElo "2230"]
[BlackElo "2211"]
[Result "1-0"]
[Round "01"]
[TimeControl "180+2"]
[Date "2023.03.28"]
[WhiteClock "0:00:43"]
[BlackClock "0:00:25"]

1. e4 c5 2. d4 cxd4 3. c3 g6 4. Nf3 dxc3 5. Nxc3 d6 6. Bc4 Bg7 7. Qb3 e6 8. Bf4 a6 9. Rd1 b5 10. Be2 Bf8 11. Bxd6 Bxd6 12. e5 Ra7 13. O-O Rd7 14. exd6 Rxd6 15. Ne4 Rd5 16. Qc3 f6 17. Rxd5 exd5 18. Rd1 Bb7 19. Qc5 Ba8 20. Nd6+ Kd7 21. Nf7 Qe7 22. Qa7+ 1-0


[Site "https://www.chess.com"]

[Event "Titled Tuesday Blitz March 28 Late 2023"]
[White "Thomforde-Toates, Noah"]
[Black "krucki03"]
[WhiteFideId "30951992"]
[WhiteElo "2655"]
[BlackElo "2315"]
[Result "1-0"]
[Round "01"]
[TimeControl "180+2"]
[Date "2023.03.28"]
[WhiteClock "0:00:33"]
[BlackClock "0:00:03"]

1. e4 c5 2. Nf3 d6 3. Nc3 Nf6 4. e5 dxe5 5. Nxe5 Bd7 6. Qf3 Nc6 7. Nxd7 Qxd7 8. Bb5 Rc8 9. O-O a6 10. Bxc6 Qxc6 11. Qxc6+ Rxc6 12. d3 e6 13. Re1 Be7 14. a4 O-O 15. Bg5 h6 16. Bh4 Nd5 17. Nxd5 Bxh4 18. Ne3 Bf6 19. Nc4 b5 20. axb5 axb5 21. Ne5 Bxe5 22. Rxe5 Rb8 23. Kf1 c4 24. d4 c3 25. b3 Rd8 26. Rd1 Rcd6 27. Rxb5 Rxd4 28. Rxd4 Rxd4 29. Rc5 Rd1+ 30. Ke2 Rd2+ 31. Ke3 Rxc2 32. b4 Kf8 33. b5 Ke7 34. b6 Rb2 35. Rc6 g5 36. Rc7+ Kd6 37. Rxf7 Rxb6 38. Kd3 Rc6 39. Kc2 Kd5 40. Rf6 h5 41. Rg6 Kc4 42. Rxg5 Rd6 43. Rxh5 Rd2+ 44. Kc1 Rxf2 45. Rg5 Kb3 46. Rb5+ Kc4 47. Rg5 Kd4 48. h4 e5 49. h5 e4 50. h6 Kd3 51. Rd5+ Kc4 52. h7 Rf8 53. Rd7 Kb3 54. Rb7+ Kc4 55. g4 Rf1+ 56. Kc2 Rf2+ 57. Kd1 c2+ 58. Kc1 Rh2 59. g5 Kd3 60. Rd7+ Kc3 61. Rc7+ Kd3 62. g6 Rh1+ 63. Kb2 Rb1+ 64. Ka2 c1=Q 65. Rxc1 Rxc1 66. h8=Q 1-0


[Site "https://www.chess.com"]

[Event "Titled Tuesday Blitz March 28 Late 2023"]
[White "Castella Garcia, Fausto"]
[Black "Ismagilov, Damir"]
[WhiteFideId "3501922"]
[BlackFideId "34199982"]
[WhiteElo "2245"]
[BlackElo "2078"]
[Result "1-0"]
[Round "01"]
[TimeControl "180+2"]
[Date "2023.03.28"]
[WhiteClock "0:00:44"]
[BlackClock "0:00:34"]

1. e4 e5 2. Nf3 Nc6 3. Bb5 a6 4. Ba4 d6 5. Bxc6+ bxc6 6. d4 exd4 7. Nxd4 c5 8. Nc6 Qd7 9. Na5 Nf6 10. O-O Be7 11. Nc3 O-O 12. Nd5 Nxd5 13. exd5 Bf6 14. c3 Qb5 15. Nc6 Bb7 16. a4 Qb6 17. a5 Qb5 18. Qa4 Bxc6 19. dxc6 Rab8 20. Qxb5 Rxb5 21. Re1 g6 22. Ra4 Kg7 23. Re2 Rfb8 24. g3 h5 25. h4 Rb3 26. Kg2 d5 27. Bf4 Rc8 28. Rd2 d4 29. cxd4 Bxd4 30. Rc4 Rb5 31. b4 Bf6 32. Rxc5 Rxb4 33. Rd7 Rb2 34. Rxc7 Rxc7 35. Bxc7 Bd4 36. Rc4 Rxf2+ 37. Kh3 Rd2 38. Rxd4 Rxd4 39. Be5+ Kf8 40. Bxd4 Ke7 41. c7 Kd7 42. Be5 f6 43. Bf4 Kc8 44. g4 f5 45. gxh5 gxh5 46. Kg3 Kd7 47. Kf3 Kc8 48. Ke3 Kd7 49. Kd4 Kc8 50. Kd5 Kb7 51. Ke6 Kc8 52. Kxf5 Kd7 53. Kg5 Kc8 54. Kxh5 Kd7 55. Kg6 Kc8 56. h5 Kd7 57. h6 1-0


[Site "https://www.chess.com"]

[Event "Titled Tuesday Blitz March 28 Late 2023"]
[White "Wieczorek, Oskar"]
[Black "Onslow, Alfie"]
[WhiteFideId "1133950"]
[BlackFideId "436976"]
[WhiteElo "2418"]
[BlackElo "2114"]
[Result "1-0"]
[Round "01"]
[TimeControl "180+2"]
[Date "2023.03.28"]
[WhiteClock "0:00:51"]
[BlackClock "0:00:01"]

1. e4 c5 2. Nf3 Nc6 3. b4 cxb4 4. d4 d5 5. exd5 Qxd5 6. c4 bxc3 7. Nxc3 Qa5 8. Rb1 Qxc3+ 9. Bd2 Qa3 10. d5 Nf6 11. dxc6 bxc6 12. Qc2 Qd6 13. Bf4 Qe6+ 14. Be2 Qe4 15. Qxe4 Nxe4 16. Ne5 f6 17. Bf3 Bf5 18. g4 fxe5 19. gxf5 exf4 20. Bxe4 Rc8 21. Rb7 a5 22. Ke2 Kf7 23. Ra7 g6 24. Rg1 Bg7 25. fxg6+ hxg6 26. Bxg6+ Kf6 27. Bd3 Rxh2 28. Rg6+ Kf7 29. Rg4 Bf6 30. Bc4+ Kf8 31. Rg8# 1-0


[Site "https://www.chess.com"]

[Event "Titled Tuesday Blitz March 28 Late 2023"]
[White "Jimenez, Joaquin"]
[Black "Rostomyan, Mikayel"]
[WhiteFideId "109860"]
[BlackFideId "13313754"]
[WhiteElo "2163"]
[BlackElo "2009"]
[Result "0-1"]
[Round "01"]
[TimeControl "180+2"]
[Date "2023.03.28"]
[WhiteClock "0:00:51"]
[BlackClock "0:00:50"]

1. d4 Nf6 2. c4 c5 3. e3 cxd4 4. exd4 e6 5. Nc3 d5 6. Bg5 Be7 7. Nf3 a6 8. Bd3 dxc4 9. Bxc4 b5 10. Bb3 Bb7 11. O-O O-O 12. a3 Nbd7 13. Re1 Nb6 14. Ne5 Nfd5 15. Bxe7 Qxe7 16. Ne4 Nf4 17. Qf3 Ng6 18. Rad1 f5 19. Nxg6 hxg6 20. d5 fxe4 21. Qxe4 Qf6 22. Qxe6+ Qxe6 23. dxe6 Nc4 24. Rd7 Bc6 25. Rc7 Rfc8 26. Rxc8+ Rxc8 27. h4 Kf8 28. a4 Ke7 29. axb5 Bxb5 30. Bc2 Kf6 31. g4 Nxb2 32. g5+ Ke7 33. Bxg6 Nd3 34. Re3 Rc1+ 35. Kh2 Nxf2 36. Bf5 g6 37. Bxg6 Ng4+ 0-1


[Site "https://www.chess.com"]

[Event "Titled Tuesday Blitz March 28 Late 2023"]
[White "Cuenca Jimenez, Jose Fernando"]
[Black "Dardha, Arben"]
[WhiteFideId "2255570"]
[BlackFideId "4700481"]
[WhiteElo "2429"]
[BlackElo "2196"]
[Result "1-0"]
[Round "01"]
[TimeControl "180+2"]
[Date "2023.03.28"]
[WhiteClock "0:00:10"]
[BlackClock "0:00:03"]

1. c4 c5 2. Nf3 Nc6 3. d4 cxd4 4. Nxd4 Nf6 5. Nc3 d6 6. e4 e5 7. Nc2 Be7 8. Be2 O-O 9. O-O Be6 10. Be3 Rc8 11. Qd2 a6 12. f3 Na5 13. b3 Nh5 14. Nb4 Nf4 15. Nbd5 Nxd5 16. cxd5 Bd7 17. Rac1 b5 18. Bd3 Nb7 19. b4 h6 20. a4 bxa4 21. Bxa6 Rb8 22. b5 Bg5 23. Nxa4 Bxe3+ 24. Qxe3 Qa5 25. Nb6 Nc5 26. Nc4 Qa2 27. Nxd6 Nxa6 28. Ra1 Qb2 29. bxa6 Ra8 30. Nc4 Qb4 31. Nxe5 Bb5 32. Rfb1 Qd6 33. Rxb5 Qxe5 34. Rbb1 Rfc8 35. Ra2 Rc3 36. Qf2 Kh7 37. a7 Rc7 38. Qb2 Qe7 39. Rba1 Rb7 40. Qc2 g6 41. h3 Rc7 42. Qd3 Rb7 43. d6 Qd7 44. Qd5 Rbxa7 45. Rxa7 Rxa7 46. Rxa7 Qxa7+ 47. Kh2 Qd7 48. Qe5 Kg8 49. Qf6 h5 50. Qe7 Qb5 51. d7 Kg7 52. d8=Q 1-0


[Site "https://www.chess.com"]

[Event "Titled Tuesday Blitz March 28 Late 2023"]
[White "Smith, Garrett L"]
[Black "Ozer, Omer Faruk"]
[WhiteFideId "2024829"]
[BlackFideId "6354564"]
[WhiteElo "2302"]
[BlackElo "2260"]
[Result "0-1"]
[Round "01"]
[TimeControl "180+2"]
[Date "2023.03.28"]
[WhiteClock "0:01:22"]
[BlackClock "0:01:48"]

1. e4 c5 2. a3 d5 3. exd5 Nf6 4. Bb5+ Bd7 5. Bxd7+ Qxd7 6. c4 e6 7. Qe2 Bd6 8. Nc3 O-O 9. dxe6 Qc6 10. Qf3 Re8 11. Qxc6 Nxc6 12. Nge2 Rxe6 13. O-O Ne5 14. b3 Nd3 15. Ng3 Rd8 16. Nf5 Be5 17. a4 Ne4 18. Nxe4 Bxa1 19. Ng5 Re1 20. Rxe1 Nxe1 21. Ba3 b6 22. Ne4 Nc2 23. Ne7+ Kf8 0-1


[Site "https://www.chess.com"]

[Event "Titled Tuesday Blitz March 28 Late 2023"]
[White "Rytenko, Vsevolod"]
[Black "Sarkar, Justin"]
[WhiteFideId "14133040"]
[BlackFideId "2010011"]
[WhiteElo "2262"]
[BlackElo "2189"]
[Result "1-0"]
[Round "01"]
[TimeControl "180+2"]
[Date "2023.03.28"]
[WhiteClock "0:00:39"]
[BlackClock "0:00:36"]

1. e4 c5 2. Nf3 Nc6 3. d4 cxd4 4. Nxd4 g6 5. Nxc6 bxc6 6. Bd3 Bg7 7. O-O d6 8. Nd2 Nf6 9. Rb1 O-O 10. b3 Ng4 11. Bb2 Bxb2 12. Rxb2 a5 13. a3 Qc7 14. h3 Ne5 15. Be2 c5 16. f4 Nc6 17. Nf3 a4 18. Ra2 axb3 19. cxb3 Ba6 20. Bxa6 Rxa6 21. Qe2 Rfa8 22. Rfa1 Qb6 23. Qe3 Nb4 24. Rd2 Rxa3 25. Rxa3 Rxa3 26. e5 Qc6 27. exd6 exd6 28. f5 Ra8 29. Qh6 1-0


[Site "https://www.chess.com"]

[Event "Titled Tuesday Blitz March 28 Late 2023"]
[White "Skaric, Djuro"]
[Black "Melikyan, Gnel"]
[WhiteFideId "934569"]
[BlackFideId "54109990"]
[WhiteElo "2282"]
[BlackElo "2138"]
[Result "1/2-1/2"]
[Round "01"]
[TimeControl "180+2"]
[Date "2023.03.28"]
[WhiteClock "0:01:30"]
[BlackClock "0:01:16"]

1. g3 a6 2. Bg2 g6 3. d3 Bg7 4. e4 Nf6 5. Nc3 d6 6. f4 c5 7. Nge2 Nc6 8. O-O Rb8 9. h3 Bd7 10. g4 h5 11. g5 Nh7 12. Nd5 e6 13. Ne3 e5 14. h4 exf4 15. Nxf4 O-O 16. c3 Re8 17. Ned5 Nf8 18. Bd2 Ne6 19. Qf3 Ne5 20. Qg3 Ng4 21. Bh3 Nxf4 22. Bxf4 Ne5 23. Bxe5 Bxe5 24. Qg2 Kg7 25. Rf3 Be6 26. Raf1 Bxd5 27. exd5 Re7 28. Qf2 Kg8 29. Rxf7 Qc7 30. Be6 Kh8 31. d4 cxd4 32. cxd4 Bg7 33. Rxe7 Qxe7 34. Qf7 Qxf7 35. Rxf7 Bxd4+ 36. Kg2 Bxb2 37. Rd7 Be5 38. Bf7 Kg7 39. Be6+ Kh8 40. Bf7 Kh7 41. Be6+ Kh8 1/2-1/2


[Site "https://www.chess.com"]

[Event "Titled Tuesday Blitz March 28 Late 2023"]
[White "Sochacki, Christophe"]
[Black "Skibbe, Willi"]
[WhiteFideId "662569"]
[BlackFideId "4682190"]
[WhiteElo "2474"]
[BlackElo "2298"]
[Result "0-1"]
[Round "01"]
[TimeControl "180+2"]
[Date "2023.03.28"]
[WhiteClock "0:00:05"]
[BlackClock "0:00:06"]

1. b3 c5 2. Bb2 Nc6 3. Nf3 d5 4. e3 e6 5. Bb5 Ne7 6. O-O a6 7. Be2 f6 8. d4 Nf5 9. c4 cxd4 10. Nxd4 Nfxd4 11. exd4 Bd6 12. cxd5 exd5 13. Bd3 O-O 14. Qh5 f5 15. Nc3 Nb4 16. Bb1 g6 17. Qf3 Be6 18. Re1 Bf7 19. h3 Be7 20. Ne2 Re8 21. Nf4 Qd7 22. a3 Nc6 23. Bd3 Bf6 24. Ne2 Re7 25. b4 Rae8 26. Red1 Qc7 27. b5 axb5 28. Bxb5 Qb6 29. a4 Rxe2 30. Bxe2 Qxb2 31. Bf1 Nxd4 32. Qg3 Ne2+ 33. Bxe2 Qxe2 34. Rab1 Be5 35. Qb3 d4 36. Qxb7 Rb8 37. Qd7 Rxb1 38. Rxb1 d3 39. a5 d2 40. Rf1 Bc4 41. Qe8+ Kg7 42. Qe7+ Bf7 43. Qd8 Bc7 44. Qd4+ Qe5 45. Qd7 Qh2# 0-1


[Site "https://www.chess.com"]

[Event "Titled Tuesday Blitz March 28 Late 2023"]
[White "Ardila, Oscar Humberto"]
[Black "Hardaway, Brewington"]
[WhiteFideId "4404742"]
[BlackFideId "30941849"]
[WhiteElo "1911"]
[BlackElo "2159"]
[Result "0-1"]
[Round "01"]
[TimeControl "180+2"]
[Date "2023.03.28"]
[WhiteClock "0:00:08"]
[BlackClock "0:00:14"]

1. d4 Nf6 2. Nf3 e6 3. Bg5 d5 4. Nbd2 h6 5. Bh4 Be7 6. e3 Nbd7 7. Bd3 c5 8. c3 b6 9. O-O Bb7 10. Re1 O-O 11. Qe2 Rc8 12. Rad1 Ne4 13. Bxe7 Qxe7 14. Nf1 f5 15. N3d2 e5 16. Nxe4 fxe4 17. Bb1 Rf6 18. Ng3 Rcf8 19. Rf1 exd4 20. cxd4 Nb8 21. Nh5 Rf5 22. Ng3 R5f7 23. dxc5 Ba6 24. Qh5 Bxf1 25. Rxf1 Qxc5 26. Ne2 Nd7 27. Nf4 Nf6 28. Qg6 Re8 29. Rd1 d4 30. exd4 Qg5 31. Qxg5 hxg5 32. Nh3 g4 33. Nf4 Rc8 34. Ne2 Rcf8 35. Nc3 Re7 36. Re1 Rd8 37. Rd1 Red7 38. Ne2 Kf7 39. a3 Ke7 40. b4 Rc8 41. Ng3 Rc3 42. Bxe4 Nxe4 43. Nxe4 Rxa3 44. g3 Ra4 45. Re1 Kd8 46. d5 Rxb4 47. Ng5 Rxd5 48. Ne6+ Kd7 49. Kg2 Rbb5 50. Nf4 Re5 51. Rd1+ Kc7 52. Rc1+ Rbc5 53. Ra1 a5 54. Rd1 Rc6 55. Rd4 b5 56. Nd3 Rg5 57. Ne5 Rxe5 58. Rxg4 Re2 59. Rxg7+ Kb6 60. Rf7 Rcc2 61. h4 a4 62. h5 a3 63. Rf6+ Ka5 64. g4 a2 65. Rf8 Rc6 66. Ra8+ Ra6 67. Rxa6+ Kxa6 68. Kf3 a1=Q 69. Kxe2 Qf6 70. Kf1 Qf3 71. g5 Qxh5 72. Kg2 Qxg5+ 73. Kf1 Qf5 0-1


[Site "https://www.chess.com"]

[Event "Titled Tuesday Blitz March 28 Late 2023"]
[White "Bjelobrk, Igor"]
[Black "K2JW"]
[WhiteFideId "4300726"]
[WhiteElo "2335"]
[BlackElo "2295"]
[Result "0-1"]
[Round "01"]
[TimeControl "180+2"]
[Date "2023.03.28"]
[WhiteClock "0:00:14"]
[BlackClock "0:00:07"]

1. d4 d5 2. c4 e6 3. Nf3 Nf6 4. g3 Be7 5. Bg2 O-O 6. O-O c6 7. Qc2 b6 8. Rd1 Nbd7 9. b3 a5 10. Nbd2 a4 11. Bb2 a3 12. Bc3 Bb7 13. e4 dxe4 14. Nxe4 Nxe4 15. Qxe4 Qc7 16. Rac1 c5 17. d5 Nf6 18. Qe5 Qxe5 19. Nxe5 exd5 20. cxd5 Rfd8 21. Nc6 Bxc6 22. dxc6 Rxd1+ 23. Rxd1 Rc8 24. Be5 Kf8 25. c7 Ne8 26. Bh3 Rxc7 27. Bxc7 Nxc7 28. Rd7 Nb5 29. Bf1 Nc3 30. Ra7 c4 31. Ra8+ Bd8 32. Rxd8+ Ke7 33. Rd2 cxb3 34. axb3 a2 35. Rxa2 Nxa2 36. f4 Kd6 37. Bc4 f6 38. Kf2 Kc5 39. Bg8 h6 40. Ke3 Nc3 41. Kd3 Nd5 42. Ke4 Ne7 43. Bf7 Kd6 44. g4 Nc6 45. h4 Nd8 46. Bc4 Nb7 47. Kf5 Ke7 48. Kg6 Kf8 49. b4 Nd6 50. Bd3 Nc8 51. g5 Ne7+ 52. Kh7 hxg5 53. fxg5 fxg5 54. hxg5 Nd5 55. b5 Nf4 56. Bf1 Ne6 57. Kg6 Nf4+ 58. Kf5 Nd5 59. Ke6 Ne3 60. Be2 Ke8 61. Kd6 Nf5+ 62. Kc6 Nd4+ 63. Kxb6 Nxe2 64. Kc7 Nc3 65. b6 Nd5+ 66. Kc6 Nxb6 67. Kxb6 Ke7 68. Kc5 Ke6 69. Kd4 Kf5 70. Ke3 Kxg5 71. Kf3 Kf5 72. Kg3 Kg5 73. Kf3 Kh4 74. Kg2 Kg4 75. Kh2 g6 76. Kg2 g5 77. Kh2 Kf3 78. Kg1 Kg3 79. Kh1 Kf2 80. Kh2 g4 81. Kh1 Kf3 82. Kg1 Kg3 83. Kh1 Kf2 84. Kh2 g3+ 85. Kh3 g2 0-1


[Site "https://www.chess.com"]

[Event "Titled Tuesday Blitz March 28 Late 2023"]
[White "Wang, Alexander J"]
[Black "Djokic, Mihailo"]
[WhiteFideId "30955270"]
[BlackFideId "976440"]
[WhiteElo "2295"]
[BlackElo "2294"]
[Result "0-1"]
[Round "01"]
[TimeControl "180+2"]
[Date "2023.03.28"]
[WhiteClock "0:01:00"]
[BlackClock "0:01:06"]

1. e4 c5 2. Nf3 d6 3. d4 cxd4 4. Nxd4 Nf6 5. Nc3 g6 6. g3 Nc6 7. Bg2 Nxd4 8. Qxd4 Bg7 9. Qd1 O-O 10. h3 Rb8 11. a4 a6 12. O-O b5 13. axb5 axb5 14. Rb1 b4 15. Nd5 Nxd5 16. exd5 Re8 17. Be3 Bf5 18. g4 Bd7 19. Bd4 Bxd4 20. Qxd4 Qc7 21. c3 Qc5 22. Qxc5 dxc5 23. c4 b3 24. Rbc1 Rb4 25. Rfe1 Kf8 26. Re3 e6 27. Rcc3 exd5 28. Rxe8+ Kxe8 29. Bxd5 f5 30. gxf5 Bxf5 31. h4 Bc2 32. Re3+ Kd7 33. Rf3 Ra4 34. Rf7+ Kd6 35. Rf6+ Ke5 36. Rf7 Ra2 37. Rxh7 Rxb2 38. Re7+ Kd4 39. Rd7 Kc3 40. Re7 Rb1+ 41. Kg2 b2 42. Re3+ Kd4 43. Re2 Bd3 44. Rd2 Kc3 45. Rxd3+ Kxd3 46. Kf3 Re1 47. Bf7 Rg1 48. Bd5 b1=Q 49. Be4+ Kxc4 50. Bxb1 Rxb1 51. Kf4 Rg1 52. f3 Kd3 53. Ke5 c4 54. Kf6 c3 55. f4 c2 56. Kg7 Rg4 57. h5 gxh5+ 58. Kf6 Rxf4+ 59. Kg5 Rf1 60. Kg6 c1=Q 61. Kh7 Qg5 62. Kh8 h4 63. Kh7 h3 64. Kh8 h2 65. Kh7 h1=Q# 0-1


[Site "https://www.chess.com"]

[Event "Titled Tuesday Blitz March 28 Late 2023"]
[White "Mhango, Banele"]
[Black "Kohler, Aran"]
[WhiteFideId "14327040"]
[BlackFideId "1002856"]
[WhiteElo "2204"]
[BlackElo "2293"]
[Result "1-0"]
[Round "01"]
[TimeControl "180+2"]
[Date "2023.03.28"]
[WhiteClock "0:00:11"]
[BlackClock "0:00:03"]

1. d4 d5 2. c4 c6 3. Nf3 Nf6 4. Qc2 e6 5. Nbd2 Nbd7 6. g3 Bd6 7. Bg2 O-O 8. O-O Re8 9. e4 dxe4 10. Nxe4 Nxe4 11. Qxe4 Nf6 12. Qc2 c5 13. Rd1 Qc7 14. b3 Rb8 15. Bb2 b6 16. dxc5 bxc5 17. Rxd6 Qxd6 18. Be5 Qb6 19. Ng5 Rb7 20. Bxf6 gxf6 21. Qxh7+ Kf8 22. Ne4 Ke7 23. Qh6 e5 24. Nc3 Be6 25. Bxb7 Qxb7 26. Rd1 Qf3 27. Qe3 Qxe3 28. fxe3 Bh3 29. Nd5+ Kf8 30. Nxf6 Re6 31. Ne4 Rc6 32. Rd5 Ra6 33. Rd2 Ra5 34. Ng5 Bf5 35. Kf2 Kg7 36. Nf3 1-0


[Site "https://www.chess.com"]

[Event "Titled Tuesday Blitz March 28 Late 2023"]
[White "aprendodemiserrores"]
[Black "Gold_Ocean"]
[WhiteElo "2287"]
[BlackElo "2627"]
[Result "0-1"]
[Round "01"]
[TimeControl "180+2"]
[Date "2023.03.28"]
[WhiteClock "0:00:15"]
[BlackClock "0:00:22"]

1. e4 c5 2. Nf3 d6 3. d4 cxd4 4. Nxd4 Nf6 5. Nc3 a6 6. Be3 e5 7. Nb3 Be6 8. h3 Be7 9. Qf3 O-O 10. O-O-O Nbd7 11. g4 Rc8 12. Nd5 Bxd5 13. exd5 Qc7 14. Bd3 a5 15. Nd2 Nc5 16. Bxc5 Qxc5 17. g5 Nxd5 18. Nb3 Bxg5+ 19. Kb1 Nc3+ 20. bxc3 Qxc3 21. Qf5 g6 22. Qxg5 a4 23. Qd2 Qc6 24. Nc1 d5 25. Qb4 e4 26. Be2 Qxc2+ 27. Ka1 Rfd8 28. Qb2 Qc5 29. Rd4 a3 30. Qb4 Qc2 31. Rhd1 Kg7 32. Qb3 Qxc1+ 33. Rxc1 Rxc1+ 34. Qb1 Rxb1+ 35. Kxb1 Kf6 36. Kc2 Ke5 37. Rb4 d4 38. Rb5+ Kf4 39. Bc4 f5 40. Rxb7 Rc8 41. Kb3 Kf3 42. Rxh7 Kxf2 43. Rd7 d3 44. Bxd3 exd3 45. Rxd3 f4 46. Kxa3 f3 47. Kb4 Ke2 48. Rd6 f2 49. Re6+ Kd1 50. Rf6 Rc2 51. a4 Ke1 52. Kb3 Re2 53. a5 f1=Q 54. Rxf1+ Kxf1 55. Kc4 Re3 56. Kd4 Rxh3 57. a6 Ra3 0-1


[Site "https://www.chess.com"]

[Event "Titled Tuesday Blitz March 28 Late 2023"]
[White "Koksal, Ege"]
[Black "Bogaudinov, Rushan"]
[WhiteFideId "6317626"]
[BlackFideId "4129288"]
[WhiteElo "2226"]
[BlackElo "1949"]
[Result "1-0"]
[Round "01"]
[TimeControl "180+2"]
[Date "2023.03.28"]
[WhiteClock "0:00:06"]
[BlackClock "0:00:01"]

1. d4 d5 2. c4 dxc4 3. Nc3 e5 4. Nf3 exd4 5. Qxd4 Qxd4 6. Nxd4 c6 7. e4 Bc5 8. Be3 Nf6 9. f3 O-O 10. Bxc4 Nbd7 11. O-O-O Nb6 12. Bb3 a5 13. a3 a4 14. Ba2 Re8 15. Rhe1 Be6 16. Nxe6 Bxe3+ 17. Rxe3 fxe6 18. Rd6 Kf7 19. Ne2 Ke7 20. Rxe6+ Kf8 21. Rxe8+ Rxe8 22. Nf4 Ke7 23. Rd3 Nbd7 24. Ne6 g6 25. Rd4 b5 26. Rd2 c5 27. Nc7 Rb8 28. Nd5+ Nxd5 29. Bxd5 c4 30. Kc2 Ne5 31. f4 Nd3 32. g3 Kd6 33. Kc3 Kc5 34. h4 h6 35. h5 gxh5 36. f5 Rb6 37. Rh2 b4+ 38. axb4+ Rxb4 39. Bxc4 Rxc4+ 40. Kxd3 Rd4+ 41. Ke3 Rb4 42. f6 Kd6 43. Rxh5 Rxb2 44. Rf5 Rb8 45. f7 Rf8 46. Rf6+ Ke7 47. Rxh6 Ra8 48. Rg6 Kxf7 49. Rb6 a3 50. Rb1 a2 51. Ra1 Kf6 52. Kf4 Ra4 53. g4 Ke6 54. Kg5 1-0


[Site "https://www.chess.com"]

[Event "Titled Tuesday Blitz March 28 Late 2023"]
[White "Martinez, Shawn"]
[Black "Sai Krishna G V"]
[WhiteFideId "2039770"]
[BlackFideId "5028280"]
[WhiteElo "2174"]
[BlackElo "2359"]
[Result "0-1"]
[Round "01"]
[TimeControl "180+2"]
[Date "2023.03.28"]
[WhiteClock "0:00:16"]
[BlackClock "0:01:18"]

1. d4 d5 2. Nf3 e6 3. e3 Nf6 4. Bd3 Nbd7 5. b3 c5 6. Bb2 Qc7 7. Nbd2 Bd6 8. O-O O-O 9. c4 b6 10. Rc1 Bb7 11. Re1 Rac8 12. cxd5 exd5 13. Bf5 Rcd8 14. h3 Qb8 15. Bb1 Rfe8 16. Nh4 Ne4 17. Nxe4 dxe4 18. Nf5 Bf8 19. Qg4 g6 20. dxc5 bxc5 21. Qg5 Ne5 22. Nh6+ Bxh6 23. Qxh6 Qd6 24. Red1 Qxd1+ 25. Rxd1 Rxd1+ 26. Kh2 Rxb1 27. Bxe5 Rxe5 28. Qf4 Re8 29. Qc7 Ba8 30. Qxc5 Rb2 31. Kg3 Rxa2 32. h4 h5 33. Kf4 Kh7 34. f3 exf3 35. gxf3 Ra6 36. Kg5 Rae6 37. e4 Re5+ 38. Qxe5 Rxe5+ 39. Kf6 Rb5 40. Kxf7 Rxb3 41. e5 Rxf3+ 42. Ke7 Re3 43. Kf6 a5 44. e6 a4 45. e7 a3 46. Kf7 a2 47. e8=Q Rxe8 48. Kxe8 a1=Q 49. Kf8 Qf6+ 50. Ke8 Qxh4 51. Kf7 Qf4+ 0-1


[Site "https://www.chess.com"]

[Event "Titled Tuesday Blitz March 28 Late 2023"]
[White "Feng, Eric"]
[Black "Garrido, Denis"]
[WhiteFideId "30952590"]
[BlackFideId "601217"]
[WhiteElo "1785"]
[BlackElo "2277"]
[Result "1-0"]
[Round "01"]
[TimeControl "180+2"]
[Date "2023.03.28"]
[WhiteClock "0:00:45"]
[BlackClock "0:00:49"]

1. d4 d5 2. c4 e6 3. Nf3 a6 4. Nbd2 Nf6 5. g3 c5 6. cxd5 cxd4 7. dxe6 Bxe6 8. Bg2 Nc6 9. O-O Bc5 10. Nb3 Ba7 11. Bd2 O-O 12. Rc1 Re8 13. Nc5 Bxc5 14. Rxc5 Qb6 15. b4 Nxb4 16. Bxb4 Qxb4 17. Qxd4 Qxd4 18. Nxd4 Bxa2 19. Bxb7 Ra7 20. Bf3 a5 21. Ra1 Be6 22. Nxe6 Rxe6 23. Rcxa5 Rxa5 24. Rxa5 g6 25. Kg2 Kg7 26. e3 Re7 27. h4 h5 28. Be2 Rb7 29. Ra2 Ne4 30. Bd3 Nc5 31. Bc4 Rc7 32. Kf3 Nd7 33. Bd3 Ne5+ 34. Ke2 Rd7 35. Be4 Re7 36. Bg2 Rc7 37. Rb2 Re7 38. Rb7 Re8 39. Bd5 Rd8 40. e4 Rf8 41. f4 Ng4 42. e5 Nh6 43. e6 Kf6 44. exf7 Nf5 45. Kf3 Nd4+ 46. Kg2 Nf5 47. Kh3 Ne3 48. Bb3 Rc8 49. Rb6+ Kg7 50. Re6 Ng4 51. Re8 1-0


[Site "https://www.chess.com"]

[Event "Titled Tuesday Blitz March 28 Late 2023"]
[White "De Souza, Cristiano Gomes"]
[Black "Godzwon, Iwo"]
[WhiteFideId "2151758"]
[BlackFideId "21802483"]
[WhiteElo "2068"]
[BlackElo "2284"]
[Result "0-1"]
[Round "01"]
[TimeControl "180+2"]
[Date "2023.03.28"]
[WhiteClock "0:00:16"]
[BlackClock "0:01:00"]

1. d4 Nf6 2. c4 e6 3. Nf3 b6 4. g3 Bb7 5. Bg2 Bb4+ 6. Bd2 c5 7. Bxb4 cxb4 8. O-O O-O 9. a3 bxa3 10. Nxa3 d6 11. Nb5 a6 12. Nc3 Nbd7 13. Qd3 d5 14. b3 Ne4 15. Rfc1 Rc8 16. cxd5 exd5 17. Nd2 Ndf6 18. Ndxe4 dxe4 19. Nxe4 Rxc1+ 20. Rxc1 Nd5 21. h4 h6 22. e3 Qd7 23. Nc3 Nb4 24. Qd2 Bxg2 25. Kxg2 Rc8 26. Ne2 Rxc1 27. Qxc1 Qd5+ 28. Kg1 Qxb3 29. Qc8+ Kh7 30. Qf5+ g6 31. Qf3 Nd3 32. d5 Kg7 33. Nd4 Qb1+ 34. Kh2 Qf1 35. d6 Ne1 36. Qb7 Qxf2+ 37. Kh1 Qxe3 38. Qxb6 Qe4+ 39. Kg1 Qg2# 0-1


[Site "https://www.chess.com"]